Map: Prion Terraces

Players

capac - Winner!

  • Race: Terran Terran
  • League: Gold

A.I. 1 (Hard)

  • Race: Zerg Zerg

VOD

Have the link to the VOD?

Description

Time

  • Played on: Feb. 17, 2016, 1:47 p.m.
  • Length: 12:07
Show
View Real Time Build Order
Export as new Build Order

capac Terran - Winner!

Build Orders:  

Get SALT Encoding   

  12  0:02  SCV  
  13  0:14  SCV  
  14  0:19  Supply Depot  
  14  0:26  SCV  
  15  0:40  SCV  
  16  0:43  Barracks  
  16  0:46  Refinery  
  16  0:52  SCV  
  17  1:04  SCV  
  18  1:23  SCV  
  19  1:35  Barracks Reactor  
  19  1:37  SCV  
  19  1:39  Command Center  
  20  1:51  SCV  
  21  2:10  Factory  
  21  2:15  Bunker  
  21  2:17  Supply Depot, Marine x2  
  23  2:26  Orbital Command  
  23  2:42  Marine x2  
  25  2:45  Supply Depot  
  25  2:55  Supply Depot  
  25  2:56  SCV  
  26  3:02  Marine x2  
  28  3:07  Factory Tech Lab  
  28  3:13  SCV  
  28  3:17  SCV  
  30  3:20  Marine  
  30  3:26  Siege Tank  
  34  3:30  SCV  
  34  3:32  SCV  
  36  3:35  Marine  
  36  3:38  Marine  
  38  3:41  Supply Depot  
  38  3:45  SCV x2  
  40  4:02  Barracks x2  
  40  4:07  Starport  
  40  4:11  Marine x2  
  40  4:12  SCV  
  40  4:14  Orbital Command  
  43  4:28  SCV  
  43  4:29  Marine x2  
  46  4:36  Refinery  
  46  4:38  Engineering Bay  
  46  4:40  SCV  
  46  4:42  Refinery  
  47  4:45  Refinery  
  47  4:47  Siege Tank  
  50  5:00  Barracks Reactor  
  50  5:02  Marine x2  
  50  5:03  Marine  
  53  5:12  SCV  
  54  5:17  Terran Infantry Weapons Level 1  
  54  5:19  Marine  
  55  5:22  Barracks  
  55  5:24  SCV x2  
  55  5:25  Starport Reactor  
  57  5:30  Marine x2  
  59  5:36  SCV x2  
  59  5:37  Marine  
  59  5:41  Marine x2  
  64  5:48  Marine, SCV  
  64  5:49  Barracks Tech Lab  
  66  5:51  SCV  
  66  5:56  Supply Depot  
  67  6:00  SCV  
  67  6:01  Marine x2  
  70  6:11  Marine, Medivac x2  
  70  6:12  Siege Tank, Barracks Reactor  
  70  6:17  SCV  
  80  6:24  Supply Depot  
  79  6:27  SCV  
  79  6:30  Supply Depot, Marine x4  
  84  6:33  SCV  
  84  6:38  Armory  
  84  6:39  SCV  
  86  6:42  Engineering Bay  
  86  6:45  Marine  
  87  6:47  Marine, Siege Tank  
  87  6:48  Marine  
  91  7:09  Terran Infantry Armor Level 1  
  91  7:13  Marine x5  
  91  7:14  Marine  
  91  7:15  Medivac x2  
  101  7:16  SCV  
  101  7:22  Supply Depot  
  102  7:25  Supply Depot, SCV  
  102  7:27  Terran Infantry Weapons Level 2  
  103  7:30  Terran Vehicle Weapons Level 1  
  103  7:31  Supply Depot  
  103  7:43  Starport  
  103  7:45  Medivac  
  105  7:57  Marine  
  105  7:58  Marine x3  
  109  8:01  Command Center  
  109  8:13  Marine x3  
  109  8:15  Marine  
  109  8:18  Medivac x2  
  117  8:20  Siege Tank  
  117  8:21  Starport Reactor  
  117  8:25  Supply Depot  
  120  9:00  Medivac x2  
  124  9:05  Terran Infantry Armor Level 2  
  124  9:07  Marine x4  
  124  9:08  Marine x3  
  131  9:10  Siege Tank  
  131  9:15  Supply Depot  
  134  9:25  Marine  
  134  9:29  Supply Depot, Marine  
  134  9:30  Marine x4  
  140  9:33  Stimpack  
  140  9:40  Orbital Command  
  140  9:43  SCV  
  140  9:44  SCV  
  142  9:54  Supply Depot  
  142  9:55  Supply Depot, SCV  
  142  9:58  Liberator x2  
  142  9:59  Siege Tank  
  146  10:09  SCV  
  146  10:10  SCV x2  
  146  10:11  Refinery  
  146  10:13  Refinery  
  149  10:16  Liberator x2  
  155  10:34  Marine  
  155  10:35  Marine x5  
  156  10:51  Liberator  
  154  11:05  Marine x3  
  154  11:06  Marine x4  
  154  11:07  Siege Tank  
  167  11:23  Marine x2  
Show
View Real Time Build Order
Export as new Build Order

A.I. 1 (Hard) Zerg 

Build Orders: Pool First 

Get SALT Encoding   

  12  0:00  Drone  
  13  0:12  Overlord  
  13  0:17  Drone  
  14  0:30  Drone  
  14  0:32  Drone  
  16  0:43  Spawning Pool  
  16  0:45  Drone  
  16  0:49  Drone  
  17  0:52  Extractor  
  17  0:55  Drone  
  17  1:06  Overlord  
  17  1:29  Queen  
  17  1:31  Zergling x2  
  20  1:35  Roach Warren  
  20  1:38  Drone  
  20  1:42  Zergling x2, Extractor  
  20  1:49  Drone  
  21  2:00  Drone  
  22  2:10  Overlord  
  22  2:21  Drone  
  23  2:32  Roach  
  23  2:36  Drone  
  26  2:42  Overlord, Roach  
  28  2:53  Roach  
  30  3:04  Roach  
  32  3:07  Overlord  
  32  3:15  Roach  
  34  3:25  Roach  
  36  3:36  Roach  
  36  3:37  Overlord  
  38  3:41  Drone  
  38  3:46  Drone  
  38  3:47  Roach  
  42  3:48  Drone  
  42  3:54  Drone  
  44  4:05  Drone  
  44  4:06  Baneling Nest  
  44  4:11  Roach, Drone  
  44  4:13  Drone  
  48  4:18  Evolution Chamber, Drone  
  48  4:28  Roach  
  50  4:38  Roach  
  52  4:49  Roach  
  54  6:21  Overlord, Lair, Zerg Melee Weapons Level 1  
  54  6:23  Evolution Chamber  
  54  6:25  Drone, Spore Crawler  
  53  6:27  Spore Crawler  
  52  6:36  Hatchery  
  52  6:39  Overlord, Drone  
  52  6:49  Zerg Ground Armor Level 1  
  52  6:50  Spine Crawler, Drone  
  52  6:52  Spine Crawler  
  51  6:54  Drone  
  51  6:57  Zergling x2  
  45  7:18  Queen  
  45  7:19  Overseer  
  45  7:21  Overseer  
  47  7:23  Hydralisk Den  
  47  7:25  Infestation Pit  
  45  7:32  Spire  
  44  7:40  Ravager  
  44  7:41  Ravager x2  
  47  7:48  Burrow, Drone  
  47  7:50  Drone  
  49  7:51  Drone  
  49  7:52  Hydralisk  
  49  7:53  Queen, Drone  
  49  7:56  Drone  
  56  7:59  Extractor  
  56  8:01  Spore Crawler  
  56  8:02  Drone  
  56  8:03  Hydralisk  
  56  8:04  Drone  
  56  8:05  Drone  
  59  8:08  Drone  
  59  8:12  Drone  
  61  8:13  Hydralisk  
  61  8:15  Drone, Spore Crawler  
  61  8:16  Zerg Missile Weapons Level 1  
  61  8:17  Drone  
  64  8:20  Drone  
  64  8:24  Drone  
  66  8:27  Drone  
  66  8:30  Drone  
  66  8:34  Drone  
  69  8:36  Drone  
  69  8:39  Drone  
  71  8:41  Drone  
  71  8:44  Drone  
  71  8:48  Drone  
  74  8:49  Drone  
  74  8:53  Overlord  
  75  8:56  Drone  
  76  9:03  Muscular Augments  
  76  9:05  Hydralisk  
  78  9:11  Spine Crawler  
  78  9:15  Spine Crawler  
  78  9:17  Drone  
  77  9:54  Extractor  
  76  10:16  Drone  
  76  10:17  Drone  
  76  10:19  Drone  
  79  10:34  Roach  
  79  10:41  Corruptor  
  79  10:42  Hive, Overlord  
  81  10:43  Overseer  
  81  10:48  Hatchery  
  68  10:52  Infestor  
  48  10:59  Overseer  
  48  11:02  Zergling x2  
  46  11:06  Zergling x2  
  46  11:08  Drone x2  
  46  11:09  Hydralisk  
  41  11:13  Zergling x2  
  41  11:14  Drone  
  41  11:16  Drone  
  41  11:17  Roach  
  41  11:18  Drone  
  37  11:20  Hydralisk, Drone x2  
  37  11:24  Zergling x2  
  37  11:26  Drone  
  37  11:27  Mutalisk  
  37  11:32  Roach  
  39  11:35  Zergling x2  
  39  11:39  Zergling x2  
  31  11:42  Roach  
  31  11:45  Overlord  
  31  11:46  Roach  
  25  11:47  Hatchery  
  11  11:55  Drone  
Tags
 
Add a new tag
Caveats
  • Supply blocks, unpowered buildings, or Contaminate may cause inaccurate times.
  • Supply counts are checked every 10 seconds.